 Dungeon Crawl Stone Soup version 0.19-a0-1888-g6ba2374 (webtiles) character file.

96 Promi the Skirmisher (level 4, -13/40 HPs)
             Began as a Demigod Wanderer on Oct 17, 2016.
             Engulfed by a cloud of flame (18 damage)
             ... on level 3 of the Dungeon.
             The game lasted 00:11:23 (3400 turns).

Promi the Skirmisher (Demigod Wanderer)             Turns: 3400, Time: 00:11:25

Health: -13/40     AC:  8    Str: 11    XL:     4   Next: 18%
Magic:  8/8        EV: 10    Int: 16    God:
Gold:   84         SH:  0    Dex: 19    Spells: 0 memorised, 3 levels left

rFire  . . .     SeeInvis .     k - -3 short sword (curse)
rCold  . . .     Gourm    .     b - +1 ring mail
rNeg   . . .     Faith    .     (no shield)
rPois  .         Spirit   .     e - +0 helmet
rElec  .         Dismiss  .     (no cloak)
rCorr  .         Reflect  .     n - +0 pair of gloves
MR     .....     Harm     .     (no boots)
Stlth  +......... Clarity  +    (no amulet)
                                (no ring)
                                (no ring)

@: lethally poisoned (-13 -> -15)
A: clarity, high mp 1, screaming 1, weak 1
a: no special abilities


You were on level 3 of the Dungeon.
You were not hungry.

You visited 1 branch of the dungeon, and saw 3 of its levels.

You collected 84 gold pieces.

Inventory:

Hand Weapons
 d - a +0 dagger
 h - a +0 short sword
 k - a cursed -3 short sword (weapon)
Armour
 b - a +1 ring mail (worn)
 e - a +0 helmet (worn)
 n - a +0 pair of gloves (worn)
Jewellery
 j - an uncursed amulet of harm {unknown}
Scrolls
 c - 3 scrolls of teleportation
Miscellaneous
 a - a box of beasts
Comestibles
 f - 2 bread rations
 g - 3 meat rations
 i - 7 chunks of flesh


   Skills:
 + Level 4.0 Fighting
 + Level 1.3 Short Blades
   Level 1.0 Maces & Flails
 + Level 2.5 Armour
 + Level 1.1 Dodging
   Level 1.0 Shields
 - Level 1.0 Unarmed Combat
 + Level 2.0 Evocations


You had 3 spell levels left.
You didn't know any spells.

Dungeon Overview and Level Annotations

Branches:
Dungeon (3/15)


Innate Abilities, Weirdness & Mutations

You have an increased reservoir of magic. (+10% MP)
You possess an exceptional clarity of mind.
You occasionally shout uncontrollably at your foes.
You are weak. (Str -2)


Message History

The adder is moderately wounded.
The adder bites you but does no damage. The adder barely misses you.
You closely miss the adder.
The adder is moderately wounded.
The adder closely misses you.
You hit the adder.
The adder is heavily wounded.
The adder bites you.
You are poisoned.
The adder poisons you!
You hit the adder.
The adder is severely wounded.
You feel sick. The adder bites you. The adder bites you but does no damage.
You hit the adder.
The adder explodes!
The fiery explosion engulfs you!
Ouch! That really hurt!
* * * LOW HITPOINT WARNING * * *
You are engulfed in roaring flames.
You die...

#.#. #... #..#
...# #.. #)# #§#
## ##§##
..###.§@##
#.......## ###.
.
#.%......##.....
#.
##...........#
............####
#..##.....##
#..#.....##
#.......##
#.##...##


There were no monsters in sight!

Vanquished Creatures
  2 adders
  2 dart slugs (D:1)
  4 leopard geckos (D:1)
  3 orcs (D:3)
  7 bats
  2 giant cockroaches (D:2)
  4 goblins
  10 hobgoblins
  6 jackals
  A quokka (D:2)
  A ball python (D:1)
  12 kobolds
  7 rats
61 creatures vanquished.

Notes
Turn   | Place    | Note
-------+----------+-------------------------------------------
     0 | D:1      | Promi the Demigod Wanderer began the quest for the Orb.
     0 | D:1      | Promi set off with: a box of beasts, a +0 ring mail, a scroll of teleportation, a +0 dagger, a bread ration
     0 | D:1      | Reached XP level 1. HP: 19/19 MP: 3/3
   506 | D:1      | Reached XP level 2. HP: 22/27 MP: 5/5
  1745 | D:1      | Reached XP level 3. HP: 32/33 MP: 6/6
  1926 | D:1      | Reached skill level 1 in Dodging
  2119 | D:2      | Reached skill level 1 in Short Blades
  2441 | D:2      | Found a faded altar of an unknown god.
  2879 | D:2      | Reached skill level 4 in Fighting
  3162 | D:3      | Reached XP level 4. HP: 26/40 MP: 8/8
  3223 | D:3      | Gained mutation: You possess an exceptional clarity of mind. [potion of mutation]
  3223 | D:3      | Gained mutation: You are weak. (Str -2) [potion of mutation]
  3223 | D:3      | Gained mutation: You occasionally shout uncontrollably at your foes. [potion of mutation]
  3400 | D:3      | Engulfed by a cloud of flame

Vault maps used:
D:1:      dpeg_arrival_central, kennysheep_another_room, minmay_statues_item,
          st_stairs_11
D:2:      ecumenical_altar_2

Skill      XL: |  1  2  3 |
---------------+----------+-----
Armour         | 2 |  2.5
Dodging        | 1 |  1.1
Short Blades   | 1 |  1.3
Evocations     | 2 |  2.0
Fighting       | 4 |  4.0
Maces & Flails | |  1.0
Shields        | |  1.0
Unarmed Combat | |  1.0

Action                   |  1- 3 |  4- 6 || total
-------------------------+-------+-------++-------
Melee: Dagger            |   115 |       ||   115
       Short sword       |   258 |    82 ||   340
       Punch             |     1 |       ||     1
  Use: Scroll            |     4 |     1 ||     5
       Potion            |     4 |     2 ||     6
  Eat: Chunk             |     8 |     1 ||     9
Armor: Ring mail         |   186 |    35 ||   221
Dodge: Dodged            |   260 |    32 ||   292
